 Dungeon Crawl Stone Soup version 0.23.0 (webtiles) character file.

Game seed: 3037997274546735639

848 elfaar the Ruffian (level 7, -6/70 HPs)
             Began as a Troll Monk on Feb 15, 2019.
             Mangled by an ogre
             ... wielding a +0 giant club
              (19 damage)
             ... on level 4 of the Dungeon.
             The game lasted 00:35:56 (3304 turns).

elfaar the Ruffian (Troll Monk)                     Turns: 3304, Time: 00:35:56

Health: -6/70      AC:  7    Str: 25    XL:     7   Next: 69%
Magic:  6/6        EV: 11    Int:  6    God:
Gold:   191        SH:  0    Dex: 12    Spells: 6/6 levels left

rFire    . . .     SeeInvis .   w - +0 giant club
rCold    + . .     Gourm    +   (shield currently unavailable)
rNeg     . . .     Faith    .   a - +1 robe
rPois    .         Spirit   .   (helmet restricted)
rElec    .         Reflect  .   (no cloak)
rCorr    .         Harm     .   (gloves unavailable)
MR       .....                  (boots unavailable)
Stlth    ++........             (no amulet)
HPRegen  0.61/turn              d - ring of protection from cold
MPRegen  0.10/turn              j - +3 ring of strength

@: lethally poisoned (-6 -> -6)
A: large, unfitting armour, claws 3, fast metabolism 3, gourmand, regeneration
1, shaggy fur 1, tough skin 3
a: no special abilities


You were on level 4 of the Dungeon.
You were very full.

You visited 1 branch of the dungeon, and saw 5 of its levels.

You collected 191 gold pieces.

Inventory:

Hand Weapons
 n - a +1 morningstar
 u - a +0 flail
 w - a +0 giant club (weapon)
Missiles
 i - 118 stones (quivered)
Armour
 a - a +1 robe (worn)
 v - a +0 animal skin
Jewellery
 d - a ring of protection from cold (left claw)
 f - an uncursed ring of ice
 j - a +3 ring of strength (right claw)
 l - an uncursed ring of magical power
 m - a +5 ring of protection {unknown}
 s - an uncursed ring of flight {unknown}
Scrolls
 k - a scroll of amnesia
 o - a scroll of magic mapping
 x - a scroll of identify
Potions
 c - a potion of berserk rage {unknown}
 e - a potion of ambrosia {unknown}
 g - a potion of cancellation {unknown}
 h - 2 potions of agility
 p - 2 potions of lignification {unknown}
 q - a potion of invisibility {unknown}
 t - a potion of heal wounds {unknown}
 z - a potion of resistance {unknown}
Comestibles
 b - 9 rations


   Skills:
 + Level 4.0 Fighting
 + Level 4.1 Maces & Flails
 + Level 1.9 Throwing
 + Level 4.0 Dodging
 + Level 1.6 Stealth
 + Level 4.5 Unarmed Combat


You had 6 spell levels left.
You didn't know any spells.
Your spell library contained the following spells:

 Spells                   Type           Power        Failure   Level  Hunger
 Corona                   Hex            #......      45%         1    ##.....
 Magic Dart               Conj           #...         45%         1    ##.....
 Blink                    Tloc           N/A          58%         2    ###....
 Call Imp                 Summ           #.......     58%         2    ###....
 Ensorcelled Hibernation  Hex/Ice        #.....       58%         2    ###....
 Slow                     Hex            #.......     58%         2    ###....
 Confuse                  Hex            #.......     83%         3    ####...
 Conjure Flame            Conj/Fire      #.......     83%         3    ####...
 Dazzling Spray           Conj/Hex       #.....       83%         3    ####...
 Mephitic Cloud           Conj/Pois/Air  #.......     83%         3    ####...
 Tukima's Dance           Hex            #.......     83%         3    ####...


Dungeon Overview and Level Annotations

Branches:
Dungeon (5/15)
 Temple: D:4-7

Altars:
Makhleb
Sif Muna
Vehumet

Shops:
D:4 =

Annotations:
D:5 Pikel


Innate Abilities, Weirdness & Mutations

You are too large for most types of armour.
You have claws for hands.
Your metabolism is lightning-fast.
You like to eat raw meat.
Your natural rate of healing is unusually fast.
You are covered in fur. (AC +1)
You have extremely tough skin. (AC +3)


Message History

The ogre hits you with a +0 giant club!!
You hit the ogre.
The ogre is moderately wounded.
The ogre barely misses you.
The orc wizard hits you but does no damage.
You are poisoned.
You closely miss the ogre.
The ogre is lightly wounded.
You feel sick. The orc wizard barely misses you.
The ogre hits you with a +0 giant club!
You feel sick. The orc wizard barely misses you.
The ogre hits you with a +0 giant club!
* * * LOW HITPOINT WARNING * * *
You climb upwards.
There is a stone staircase leading down here.
You bludgeon the orc wizard!!
You kill the orc wizard!
You feel sick.
The ogre hits you with a +0 giant club!!
You die...

# #...)...>..# #.#
############.#####.####
......### #..........########
........####.#####...........#
#####.#......########.######.#
# #.#..........# #.# #.# #
#.##.###.###.# #.# #.# #
#........# #O# #.# #.# #
####.##### #@# #.# #.# # #.#
#)# #.# #.# # #.# #.## #.# #.#
## #.#######..###.# #.# .#
#..............# #.# .###
##########.###.######.# ...#
#.###.#......# ##.#####
###.##....###### .......#
#####.............#


You could see an ogre.

Vanquished Creatures
  A slave (D:4)
  A centaur (D:2)
  An ogre (D:4)
  2 phantoms (D:4)
  A scorpion (D:4)
  2 hounds (D:4)
  2 orc wizards
  An iguana (D:2)
  3 worker ants (D:4)
  2 howler monkey skeletons (D:4)
  12 adders
  A shadow imp (D:3)
  An ooze (D:1)
  6 worms
  A dart slug (D:3)
  4 leopard geckos
  6 orcs
  5 bats
  5 giant cockroaches
  7 goblins
  8 hobgoblins
  8 jackals
  6 kobolds
  2 quokkas
  A ball python (D:1)
  8 frilled lizards
  A leopard gecko skeleton (D:4)
  7 rats
105 creatures vanquished.

Notes
Turn   | Place    | Note
-------+----------+-------------------------------------------
     0 | D:1      | elfaar the Troll Monk began the quest for the Orb.
     0 | D:1      | Reached XP level 1. HP: 22/22 MP: 0/0
   127 | D:1      | Reached XP level 2. HP: 28/29 MP: 1/1
   808 | D:2      | Noticed a centaur
   818 | D:2      | Killed a centaur
   818 | D:2      | Reached XP level 3. HP: 22/37 MP: 2/2
   818 | D:2      | Reached XP level 4. HP: 27/45 MP: 3/3
  1086 | D:2      | Reached XP level 5. HP: 45/53 MP: 4/4
  1125 | D:2      | Found a deep blue altar of Sif Muna.
  1265 | D:2      | Found a radiant altar of Vehumet.
  1576 | D:2      | Reached skill level 1 in Maces & Flails
  1807 | D:3      | Found a burning altar of Makhleb.
  1816 | D:3      | Reached XP level 6. HP: 58/61 MP: 5/5
  2164 | D:3      | Reached skill level 1 in Throwing
  2620 | D:4      | Reached XP level 7. HP: 47/67 MP: 6/6
  2784 | D:5      | Entered Level 5 of the Dungeon
  2784 | D:5      | Noticed Pikel
  2994 | D:4      | Found Yvos's Jewellery Emporium.
  3304 | D:4      | Mangled by an ogre

Skill      XL: |  1  2  3  4  5  6  7 |
---------------+----------------------+-----
Fighting       | 3 4 |  4.0
Dodging        | 3 4 |  4.0
Unarmed Combat | 4 |  4.5
Maces & Flails | 1 2 4 |  4.1
Throwing       | 1 |  1.9
Stealth        | |  1.6

Action                   |  1- 3 |  4- 6 |  7- 9 || total
-------------------------+-------+-------+-------++-------
Melee: Unarmed           |    65 |    21 |       ||    86
       Morningstar       |       |   212 |    67 ||   279
       Punch             |       |     5 |     2 ||     7
       Giant club        |       |       |    10 ||    10
Throw: Stone             |     2 |    85 |     3 ||    90
  Use: Scroll            |     1 |    11 |     1 ||    13
       Potion            |       |     1 |       ||     1
 Stab: Sleeping          |     1 |     1 |     1 ||     3
  Eat: Chunk             |    12 |    17 |     8 ||    37
Armor: Robe              |    24 |   112 |    42 ||   178
Dodge: Dodged            |    39 |   158 |    52 ||   249
